[Event "Late-Titled-Tuesday-Blitz-April-23-2024"]
[Site "Chess.com"]
[Date "2024.04.23"]
[Round "9"]
[White "Indefatigable11"]
[Black "LUISMIGUELOV"]
[Result "0-1"]
[WhiteElo "2381"]
[BlackElo "2240"]
[TimeControl "180+1"]
[EndTime "15:44:04 PDT"]
[Termination "LUISMIGUELOV won by resignation"]

1. d4 d5 2. c4 c6 3. Nf3 h6 4. Nc3 Nf6 5. e3 g5 6. h3 Bg7 7.
Bd3 Na6 8. a3 dxc4 9. Bxc4 Nc7 10.
O-O Bf5 11. Ne5 e6 12. Qb3 Rb8 13. Bd2 O-O 14. Rac1 Ncd5 15. Nxd5 cxd5 16. Bb5 a6 17. Be2 Ne4 18. Bb4 Re8 19. f3 Ng3 20. Rfe1 Nxe2+ 21. Rxe2 Bxe5 22. dxe5 Qb6 23. Qc3 Rbc8 24. Qxc8 Rxc8 25.
Rxc8+ Kh7 26. Bc5 Qb3 27. g4 Qd1+ 28. Kf2 Bd3 29. Re1 Qd2+ 30. Kg3 Qxe1+ 31. Kg2 Bf1+ 32. Kg1 Bxh3+ 33. Kh2 Qf1 0-1

[Event "Late-Titled-Tuesday-Blitz-April-23-2024"]
[Site "Chess.com"]
[Date "2024.04.23"]
[Round "9"]
[White "Romkachess"]
[Black "crosky"]
[Result "1-0"]
[WhiteElo "2627"]
[BlackElo "2345"]
[TimeControl "180+1"]
[EndTime "15:44:05 PDT"]
[Termination "Romkachess won by resignation"]

1. e4 c5 2. Nf3 e6 3. d4 cxd4 4. Nxd4 a6 5. Bd3 Bc5 6. Nb3 Ba7 7. Qe2 Ne7 8. Be3 Nbc6 9. Bxa7 Rxa7 10. N1d2 O-O 11. O-O b5 12. c3 Ne5 13. Bc2 d6 14. f4 Qb6+ 15. Kh1 N5g6 16. f5 Ne5 17.
f6 gxf6 18. Rxf6 Kh8 19. Raf1 N7g6 20. Nf3 Ng4 21. e5 Nxf6 22. exf6 Bb7 23. Ng5 Qc6 24. Be4 Qc7 25. Qh5 1-0

[Event "Late-Titled-Tuesday-Blitz-April-23-2024"]
[Site "Chess.com"]
[Date "2024.04.23"]
[Round "9"]
[White "giomar27"]
[Black "titomagno_64"]
[Result "1-0"]
[WhiteElo "2505"]
[BlackElo "2317"]
[TimeControl "180+1"]
[EndTime "15:44:09 PDT"]
[Termination "giomar27 won by resignation"]

1. Nc3 Nf6 2. d4 d5 3. Bf4 g6 4.
e3 Bg7 5. h4 h5 6. Nf3 Bg4 7.
Be2 a6 8. Ne5 Bxe2 9. Qxe2 Nfd7 10. O-O-O c6 11. e4 Qa5 12. Kb1 O-O 13. Nxd7 Nxd7 14.
exd5 cxd5 15. Qxe7 Nf6 16. Rhe1 b5 17. Bc7 Rfe8 18. Bxa5 Rxe7 19. Rxe7 Ng4 20. Nxd5 Nxf2 21.
Rf1 Bxd4 22. c3 Bc5 23. Rc7 Ne4 24. Rfxf7 Bd6 25. Rg7+ 1-0

[Event "Late-Titled-Tuesday-Blitz-April-23-2024"]
[Site "Chess.com"]
[Date "2024.04.23"]
[Round "9"]
[White "Denmark2015"]
[Black "enriquetejedor"]
[Result "0-1"]
[WhiteElo "2614"]
[BlackElo "2742"]
[TimeControl "180+1"]
[EndTime "15:44:20 PDT"]
[Termination "enriquetejedor won on time"]

1. d4 d5 2. c4 c6 3. Nf3 Nf6 4. Qb3 e6 5. Nc3 Nbd7 6. Bg5 Be7 7. e3 h6 8. Bf4 O-O 9. Be2 dxc4 10. Bxc4 b5 11. Be2 a6 12. a4 b4 13. Nb1 c5 14.
Nbd2 a5 15. Bb5 cxd4 16. Nxd4 Nc5 17. Qc4 Bb7 18. O-O Rc8 19. Rac1 Nxa4 20. Bc7 Nxb2 21. Qc2 Qd5 22. N2f3 Bd6 23. Qxb2 Rxc7 24. Rxc7 Bxc7 25. Rc1 Be5 26. Bc4 Bxd4 27. exd4 Qh5 28. Be2 Bxf3 29. Bxf3 Qg5 30. Ra1 Rc8 31. g3 Nd5 32. Kg2 Nf4+ 33. Kh1 Nd3 34. Qe2 Rc1+ 35. Rxc1 Qxc1+ 0-1

[Event "Late-Titled-Tuesday-Blitz-April-23-2024"]
[Site "Chess.com"]
[Date "2024.04.23"]
[Round "9"]
[White "RealPerangel"]
[Black "GMKrikor"]
[Result "1-0"]
[WhiteElo "2737"]
[BlackElo "2875"]
[TimeControl "180+1"]
[EndTime "15:44:22 PDT"]
[Termination "RealPerangel won on time"]

1. e4 c5 2. g3 d5 3. exd5 Qxd5 4. Nf3 Nc6 5. Nc3 Qe6+ 6. Be2 Nf6 7. d4 cxd4 8. Nxd4 Nxd4 9. Qxd4 Bd7 10. Bf4 Bc6 11.
O-O-O a6 12. Rhe1 Qc8 13. Be5 Qd7 14. Qh4 Qf5 15. f4 Rd8 16. g4 Qc8 17. Bc4 Rxd1+ 18. Rxd1 e6 19. f5 exf5 20. Bxf6 1-0

[Event "Late-Titled-Tuesday-Blitz-April-23-2024"]
[Site "Chess.com"]
[Date "2024.04.23"]
[Round "9"]
[White "expii"]
[Black "PNEPaul"]
[Result "0-1"]
[WhiteElo "2156"]
[BlackElo "1931"]
[TimeControl "180+1"]
[EndTime "15:44:24 PDT"]
[Termination "PNEPaul won by resignation"]

1. e4 e5 2. Nf3 Nc6 3. Bb5 f5 4. exf5 e4 5. Ng1 Nf6 6. d3 d5 7. Ne2 Bxf5 8. Nd4 Bd7 9. Bxc6 bxc6 10. O-O Bd6 11. Nc3 O-O 12. h3 Qe8 13. dxe4 dxe4 14. Be3 Qg6 15. Kh1 Ng4 16. Qe2 Ne5 17. Rad1 Bg4 18.
hxg4 Nxg4 19. g3 Qh5+ 0-1

[Event "Late-Titled-Tuesday-Blitz-April-23-2024"]
[Site "Chess.com"]
[Date "2024.04.23"]
[Round "9"]
[White "JaackCamel"]
[Black "ploxoi"]
[Result "1-0"]
[WhiteElo "2255"]
[BlackElo "2397"]
[TimeControl "180+1"]
[EndTime "15:44:27 PDT"]
[Termination "JaackCamel won by checkmate"]

1. d4 d5 2. c4 e6 3. Nc3 c6 4. e4 dxe4 5. Nxe4 Bb4+ 6. Bd2 Qxd4 7. Bxb4 Qxe4+ 8. Be2 Na6 9. Bd6 Bd7 10. Nf3 Nf6 11. O-O O-O-O 12. Be7 Rde8 13. Bd6 h6 14. Re1 Qf5 15.
Bd3 Qg4 16. b4 Rd8 17. b5 Nc7 18. a4 Be8 19. c5 Ncd5 20. Qb3 Nf4 21. Bf1 Nh3+ 22.
Kh1 Nxf2+ 23. Kg1 Nh3+ 24. Kh1 Ng5 25. Ne5 Qd4 26. bxc6 Bxc6 27. Nxc6 bxc6 28. Qb8+ Kd7 29. Qc7+ Ke8 30. Qe7# 1-0

[Event "Late-Titled-Tuesday-Blitz-April-23-2024"]
[Site "Chess.com"]
[Date "2024.04.23"]
[Round "9"]
[White "Mikhail_Golubev"]
[Black "traack"]
[Result "0-1"]
[WhiteElo "2555"]
[BlackElo "2469"]
[TimeControl "180+1"]
[EndTime "15:44:30 PDT"]
[Termination "traack won on time"]

1. e4 c5 2. Nf3 d6 3. d4 cxd4 4.
Nxd4 Nf6 5. Nc3 Nc6 6. Bc4 Qb6 7.
Nb3 e6 8. Bf4 Ne5 9. Be2 Be7 10.
g4 O-O 11. g5 Nfd7 12. Be3 Qc7 13. f4 Nc4 14. Bxc4 Qxc4 15. Qf3 b5 16. O-O-O Bb7 17. Na5 Qc7 18. Nxb7 Qxb7 19. f5 Ne5 20. Qh3 b4 21. Ne2 Qxe4 22. fxe6 Ng4 23. exf7+ Rxf7 24. Kb1 Nxe3 25.
Rc1 Nxc2 26. Rxc2 Qxh1+ 27. Nc1 Bxg5 0-1

[Event "Late-Titled-Tuesday-Blitz-April-23-2024"]
[Site "Chess.com"]
[Date "2024.04.23"]
[Round "9"]
[White "AlexeiShirov"]
[Black "juancruzarias"]
[Result "0-1"]
[WhiteElo "2793"]
[BlackElo "2659"]
[TimeControl "180+1"]
[EndTime "15:44:35 PDT"]
[Termination "juancruzarias won by resignation"]

1. e4 c6 2. d4 d5 3. e5 c5 4. dxc5 e6 5. Nf3 Bxc5 6. a3 f6 7. b4 Be7 8. Bb5+ Bd7 9. Bd3 Nc6 10.
Bb2 Nxe5 11. Nxe5 fxe5 12. Qh5+ Kf8 13. Bxe5 Bf6 14. Nd2 Bxe5 15. Qxe5 Qf6 16. Qd6+ Ne7 17. O-O Rd8 18. Nf3 Ke8 19. Qc7 Bc6 20. b5 Rc8 21. Qa5 Bd7 22. Qxa7 e5 23. Rae1 e4 24.
Bxe4 dxe4 25. Rxe4 Bf5 26. Re3 Kf8 27. Qxb7 Ng6 28.
Rfe1 h6 29. Ne5 Kg8 30. Nxg6 Qxg6 31. Rg3 Qf6 32. Re7 Qa1+ 0-1

[Event "Late-Titled-Tuesday-Blitz-April-23-2024"]
[Site "Chess.com"]
[Date "2024.04.23"]
[Round "9"]
[White "Ghost_Pepper"]
[Black "reevecanada"]
[Result "0-1"]
[WhiteElo "2486"]
[BlackElo "2614"]
[TimeControl "180+1"]
[EndTime "15:44:35 PDT"]
[Termination "reevecanada won by checkmate"]

1. e4 c5 2. Nf3 d6 3. d4 cxd4 4. Nxd4 Nf6 5. Nc3 a6 6. h3 e5 7. Nde2 Be6 8. Bg5 Be7 9. g4 Nbd7 10. Bg2 h6 11. Bxf6 Nxf6 12. O-O b5 13. f4 Rc8 14. Nd5 Bxd5 15. exd5 Qb6+ 16. Kh2 Qc5 17. c3 h5 18. g5 Ng4+ 19. hxg4 hxg4+ 20. Kg3 Qe3+ 21. Kxg4 f5+ 22. Kxf5 Rh4 23. Rf3 g6+ 24. Kxg6 Qe4+ 25. f5 Qg4 26. f6 Kd7 27. Bh3 Rxh3 28. Rxh3 Rg8+ 29. Kf7 Qxg5 30. Qd3 Rf8# 0-1

[Event "Late-Titled-Tuesday-Blitz-April-23-2024"]
[Site "Chess.com"]
[Date "2024.04.23"]
[Round "9"]
[White "sassassasss"]
[Black "rhwr"]
[Result "1-0"]
[WhiteElo "2441"]
[BlackElo "2294"]
[TimeControl "180+1"]
[EndTime "15:44:41 PDT"]
[Termination "sassassasss won on time"]

1. e4 c5 2. g3 Nc6 3. Bg2 g6 4. Ne2 Bg7 5. O-O Nf6 6. Nbc3 O-O 7. a3 Rb8 8. Rb1 b5 9. d3 b4 10. axb4 cxb4 11. Na4 d5 12. Bf4 e5 13. Be3 d4 14.
Bd2 Qa5 15. b3 Bd7 16. Ra1 Qb5 17. h3 Rfc8 18. Nb2 Be6 19. Nc4 Bxc4 20. bxc4 Qc5 21. f4 a5 22. f5 Ra8 23. g4 Ne8 24. Ng3 a4 25. g5 a3 26. h4 Na5 27. Bh3 Rc7 28. h5 Nd6 29. fxg6 hxg6 30. hxg6 fxg6 31. Be6+ Kh8 32. Kg2 Bf8 33. Rh1+ Kg7 34. Qf3 Be7 35. Nh5+ gxh5 36. Qxh5 Bxg5 37. Bxg5 1-0

[Event "Late-Titled-Tuesday-Blitz-April-23-2024"]
[Site "Chess.com"]
[Date "2024.04.23"]
[Round "9"]
[White "ritanovikova"]
[Black "PawnEatingZombie"]
[Result "1-0"]
[WhiteElo "2182"]
[BlackElo "2204"]
[TimeControl "180+1"]
[EndTime "15:44:43 PDT"]
[Termination "ritanovikova won on time"]

1. e4 c5 2. Nc3 Nc6 3. d3 g6 4. Be3 Nd4 5. Qd2 Bg7 6. Nd1 e5 7. c3 Ne6 8. g3 d6 9. Bg2 Ne7 10.
Bh6 O-O 11. h4 d5 12. h5 g5 13. Bxg5 Nxg5 14. Qxg5 h6 15. Qh4 f5 16. exd5 Nxd5 17. Qxd8 Rxd8 18. Ke2 Be6 19. Ne3 Ne7 20. Nf3 Rac8 21.
Rad1 b5 22. a3 a5 23. Nh4 b4 24. axb4 axb4 25. Bh3 Rf8 26. Ng6 Nxg6 27. hxg6 bxc3 28. bxc3 Ra8 29. Rd2 Bc8 30. Nd5 Ra7 31. Rb1 1-0

[Event "Late-Titled-Tuesday-Blitz-April-23-2024"]
[Site "Chess.com"]
[Date "2024.04.23"]
[Round "9"]
[White "LiemLe"]
[Black "Oleksandr_Bortnyk"]
[Result "0-1"]
[WhiteElo "3062"]
[BlackElo "3130"]
[TimeControl "180+1"]
[EndTime "15:44:44 PDT"]
[Termination "Oleksandr_Bortnyk won by resignation"]

1. c4 Nf6 2. Nc3 b6 3. d4 Bb7 4. d5 e5 5. e4 Bc5 6. Bd3 Qe7 7. a3 a5 8. h3 Na6 9. Nge2 Nh5 10.
O-O g5 11. Na4 Nf4 12. Ng3 h5 13. Nf5 Qf6 14. Be3 g4 15. h4 d6 16. g3 Bc8 17.
gxf4 Bxf5 18. Nxc5 Nxc5 19. exf5 Qxh4 20. Bxc5 g3 21.
Kg2 Rg8 22. Rh1 gxf2+ 23. Kf3 Qxf4+ 24. Ke2 bxc5 25. Qf1 e4 26. Bc2 Qf3+ 27. Kd2 e3+ 28. Kc1 e2 0-1

[Event "Late-Titled-Tuesday-Blitz-April-23-2024"]
[Site "Chess.com"]
[Date "2024.04.23"]
[Round "9"]
[White "lluiss"]
[Black "aranibos"]
[Result "0-1"]
[WhiteElo "2142"]
[BlackElo "2256"]
[TimeControl "180+1"]
[EndTime "15:44:45 PDT"]
[Termination "aranibos won on time"]

1. e4 c6 2. d4 d5 3. exd5 cxd5 4. Bd3 Nc6 5. c3 Nf6 6. h3 g6 7. Nf3 Bg7 8. O-O O-O 9. Bf4 Bf5 10. Bxf5 gxf5 11. Nbd2 e6 12. Ne5 Nxe5 13. Bxe5 Ne4 14. Bxg7 Kxg7 15. Nxe4 fxe4 16. f3 f5 17. fxe4 dxe4 18.
Qb3 Qd7 19. Rad1 Rf6 20. d5 e5 21. c4 b6 22. Qc3 Qd6 23. b4 Rc8 24. Rc1 f4 25.
Rfd1 f3 26. c5 Qf8 27. Qxe5 Re8 28. Qd4 fxg2 29. Kxg2 Kg8 30. Rg1 Rg6+ 31. Kh2 Qf4+ 32.
Kh1 Qf3+ 33. Kh2 Qf4+ 34. Kh1 e3 35. Rcf1 Qxd4 0-1

[Event "Late-Titled-Tuesday-Blitz-April-23-2024"]
[Site "Chess.com"]
[Date "2024.04.23"]
[Round "9"]
[White "Crazy_girl99"]
[Black "MuhittinBuker"]
[Result "1-0"]
[WhiteElo "2604"]
[BlackElo "2172"]
[TimeControl "180+1"]
[EndTime "15:44:48 PDT"]
[Termination "Crazy_girl99 won on time"]

1. e4 e5 2. Nf3 Nc6 3. Bc4 Nf6 4. d3 Bc5 5. c3 a6 6. a4 Ba7 7. O-O d6 8. h3 h6 9. Be3 O-O 10.
Nbd2 Be6 11. Re1 Qe7 12. d4 Bxc4 13. Nxc4 exd4 14. cxd4 Qxe4 15. Bxh6 Qd5 16. Ne3 Qh5 17. Bf4 Nd5 18. Bg3 Nxe3 19. fxe3 Rae8 20. Rc1 Re7 21. Bh4 Re4 22. Bg5 Rfe8 23. Bf4 Nxd4 24. Nxd4 Bxd4 25.
Qxh5 Bxe3+ 26. Bxe3 Rxe3 27. Rxe3 Rxe3 28. Rxc7 1-0

[Event "Late-Titled-Tuesday-Blitz-April-23-2024"]
[Site "Chess.com"]
[Date "2024.04.23"]
[Round "9"]
[White "ACollins05"]
[Black "LeninGuerra"]
[Result "0-1"]
[WhiteElo "2542"]
[BlackElo "2679"]
[TimeControl "180+1"]
[EndTime "15:44:49 PDT"]
[Termination "LeninGuerra won by resignation"]

1. Nf3 c5 2. e3 e6 3. b3 Nf6 4.
Bb2 Be7 5. Be2 O-O 6. O-O b6 7. d4 Bb7 8. c4 d6 9. Nbd2 Nbd7 10. Rc1 Rc8 11. Rc2 Qc7 12. Qa1 Qb8 13. Rd1 Qa8 14.
Nf1 Rfd8 15. Ng3 Bf8 16. Rcd2 Ne4 17. Nxe4 Bxe4 18. dxc5 bxc5 19. Ne1 a5 20. Bf3 a4 21. Qc1 axb3 22. axb3 Bxf3 23. Nxf3 Qb7 24. Qc3 Qb4 25. Qxb4 cxb4 26. Nd4 Nc5 27. f4 e5 28. Nb5 Nxb3 29.
Rd5 exf4 30. exf4 Rxc4 31. Nxd6 Rxf4 32. Nf5 Rxd5 33. Rxd5 f6 34. g3 Rc4 35. Rd8 Kf7 36.
Ne3 Bc5 37. Rd3 Nc1 38. Bxc1 Rxc1+ 39. Kg2 Bxe3 40. Rxe3 Rc2+ 41. Kg1 Rc3 42. Re4 b3 43. Rb4 Rc1+ 44. Kg2 Rc2+ 45. Kg1 b2 0-1

[Event "Late-Titled-Tuesday-Blitz-April-23-2024"]
[Site "Chess.com"]
[Date "2024.04.23"]
[Round "9"]
[White "chedimir"]
[Black "malakismayil"]
[Result "1-0"]
[WhiteElo "2487"]
[BlackElo "2568"]
[TimeControl "180+1"]
[EndTime "15:44:50 PDT"]
[Termination "chedimir won by resignation"]

1. e4 e5 2. Nf3 Nc6 3. Bb5 a6 4. Ba4 Nf6 5. O-O b5 6. Bb3 Be7 7. d4 d6 8. dxe5 Nxe5 9. Nxe5 dxe5 10. Qe2 Bb7 11. Rd1 Qc8 12. Nc3 O-O 13. Bg5 h6 14. Bh4 Re8 15. Bxf6 Bxf6 16. Qh5 Re7 17. Nd5 Bxd5 18.
Bxd5 c6 19. Bb3 Qe8 20. a4 b4 21. g3 a5 22. Rd3 Rd8 23. Rad1 Rxd3 24. Rxd3 Qc8 25. Kg2 c5 26. Bc4 Rd7 27. Qf5 Rc7 28.
Qxc8+ Rxc8 29. Rd7 Bg5 30. Rxf7 Kh8 31. f4 Bf6 32. b3 Rd8 33. Bd5 h5 34. fxe5 Bxe5 35. Rf5 1-0

[Event "Late-Titled-Tuesday-Blitz-April-23-2024"]
[Site "Chess.com"]
[Date "2024.04.23"]
[Round "9"]
[White "masterofpuppets2"]
[Black "Stanbad1"]
[Result "0-1"]
[WhiteElo "2479"]
[BlackElo "2607"]
[TimeControl "180+1"]
[EndTime "15:44:52 PDT"]
[Termination "Stanbad1 won on time"]

1. d4 Nf6 2. c4 c5 3. d5 b5 4. cxb5 a6 5. bxa6 g6 6. Nc3 Bg7 7. e4 O-O 8. Nf3 Qa5 9. Bd2 Bxa6 10. Be2 d6 11. O-O Bxe2 12. Qxe2 Qa6 13. Qd1 Nbd7 14.
a4 Rfb8 15. Qc2 Qc4 16. Ra3 Rb4 17. Re1 Ng4 18. h3 Nge5 19. Nxe5 Nxe5 20. b3 Qa6 21. Rd1 Rab8 22. Bc1 c4 23. bxc4 Qxc4 24. Qd2 Rb3 25.
Rxb3 Rxb3 26. Nb5 Qxa4 27. Nc3 Qb4 28. Ne2 Qxe4 29. Ng3 Qc4 30. Kh1 h5 31. Bb2 h4 32.
Bxe5 Bxe5 33. Nf1 Rb2 34. Qd3 Qf4 35. Rd2 Rb8 36. Qe3 Rb1 37. g3 Rxf1+ 38. Kg2 Qxe3 39.
fxe3 Re1 0-1

[Event "Late-Titled-Tuesday-Blitz-April-23-2024"]
[Site "Chess.com"]
[Date "2024.04.23"]
[Round "9"]
[White "subham777"]
[Black "Harry_Rakkel"]
[Result "0-1"]
[WhiteElo "2543"]
[BlackElo "2687"]
[TimeControl "180+1"]
[EndTime "15:44:53 PDT"]
[Termination "Harry_Rakkel won by checkmate"]

1. e4 c5 2. Nf3 d6 3. d4 cxd4 4. Qxd4 a6 5. Nc3 Nc6 6. Qd2 g6 7. b3 Bh6 8. Qd3 Bxc1 9. Rxc1 Nf6 10. Be2 O-O 11. O-O Bg4 12. Nd5 Nxd5 13. exd5 Bxf3 14. Bxf3 Ne5 15. Qe2 b5 16. c4 bxc4 17. bxc4 Qa5 18. Rfe1 Rac8 19. g3 Rc7 20. Bg2 Rfc8 21. f4 Nxc4 22.
Bf1 Qb6+ 23. Kh1 Qb7 24. Qe4 Nd2 25. Rxc7 Rxc7 26. Qd3 Nxf1 27. Rxf1 Rc5 28. Rd1 e6 29.
Kg1 Rxd5 30. Qf1 Qb6+ 31. Kg2 Qc6 32. Kh3 Rh5+ 33. Kg4 f5# 0-1

[Event "Late-Titled-Tuesday-Blitz-April-23-2024"]
[Site "Chess.com"]
[Date "2024.04.23"]
[Round "9"]
[White "Licancabur"]
[Black "Smoking_Crow"]
[Result "0-1"]
[WhiteElo "2470"]
[BlackElo "2606"]
[TimeControl "180+1"]
[EndTime "15:44:53 PDT"]
[Termination "Smoking_Crow won on time"]

1. d4 d5 2. Bg5 h6 3. Bh4 c5 4. e3 Nc6 5. dxc5 Qa5+ 6. Nc3 e6 7. a3 Qxc5 8. Nf3 a6 9. Bd3 Be7 10. Bxe7 Ngxe7 11. e4 d4 12. Ne2 e5 13. O-O O-O 14. c3 dxc3 15. Nxc3 Bg4 16. h3 Bxf3 17. Qxf3 Nd4 18.
Qe3 Rac8 19. Rad1 Ng6 20. g3 Rfd8 21. Kg2 Ne6 22. Qxc5 Nxc5 23. Bb1 Ne6 24. Nd5 Kf8 25. f4 exf4 26. gxf4 Nexf4+ 27. Nxf4 Nxf4+ 28. Kg3 Rxd1 29. Rxd1 Ne6 30. Rd7 Rc7 31. Rd2 Ke7 32.
Ba2 Nc5 33. Bd5 Nd7 34. Kf4 Nf6 35. Bb3 Rd7 36. Rg2 g6 37. Re2 Nh5+ 38. Kf3 Ng7 39. Bd5 Ne8 40. Ke3 Nf6 41. Bb3 Nh5 42. Rf2 f6 43. Bd5 g5 44. h4 Nf4 45. hxg5 fxg5 46. Kd4 Kf6 47. Rf1 h5 48. Ke3 Ke5 49. Bb3 Rd3+ 0-1

[Event "Late-Titled-Tuesday-Blitz-April-23-2024"]
[Site "Chess.com"]
[Date "2024.04.23"]
[Round "9"]
[White "HipsterChess22"]
[Black "Szachulec75"]
[Result "0-1"]
[WhiteElo "2217"]
[BlackElo "2096"]
[TimeControl "180+1"]
[EndTime "15:44:54 PDT"]
[Termination "Szachulec75 won on time"]

1. d4 Nf6 2. Nc3 g6 3. e4 d6 4.
Be3 Bg7 5. f3 c6 6. Qd2 O-O 7. h4 b5 8. O-O-O b4 9. Nb1 Ba6 10.
Bxa6 Nxa6 11. Ne2 c5 12. Bh6 c4 13. c3 e5 14. h5 Nxh5 15. Bxg7 Kxg7 16. g4 Nf4 17. Nxf4 exf4 18. Qxf4 g5 19. Qf5 h6 20. e5 bxc3 21. Nxc3 Nb4 22. Rxh6 Rh8 23. Rxh8 Qxh8 24. Qxg5+ Kf8 25. exd6 Nd3+ 26. Kb1 Qh2 27. Qe7+ Kg7 28. Qe2 Qxd6 29. d5 Rb8 30. Rd2 Qf6 31. Qe4 Qxc3 0-1

[Event "Late-Titled-Tuesday-Blitz-April-23-2024"]
[Site "Chess.com"]
[Date "2024.04.23"]
[Round "9"]
[White "KebabJangles"]
[Black "scandalgod"]
[Result "1-0"]
[WhiteElo "2277"]
[BlackElo "2511"]
[TimeControl "180+1"]
[EndTime "15:44:56 PDT"]
[Termination "KebabJangles won by resignation"]

1. d4 d5 2. Bf4 Nf6 3. Nf3 e6 4. e3 Bd6 5. Bg3 O-O 6. Nbd2 c5 7. c3 Qc7 8. Ne5 Nbd7 9. f4 b6 10. Bd3 Bb7 11. Rc1 Ne4 12. O-O Ndf6 13. Bh4 a5 14.
g4 Ba6 15. Bxa6 Rxa6 16. Bxf6 Nxf6 17. g5 Ne8 18. Qe2 Ra7 19. h4 f6 20. Ng4 Kh8 21.
Kg2 Qc6 22. Nf3 Raf7 23. h5 Qd7 24. g6 Re7 25. Nfe5 Qd8 26. gxh7 Kxh7 27. Ng6 Rff7 28. Nxe7 Qxe7 29. Qf3 Bc7 30. f5 e5 31. Qxd5 Nd6 32. dxe5 fxe5 33. Nxe5 Qg5+ 34. Kh1 Qxh5+ 35. Kg1 Rxf5 36.
Rxf5 Nxf5 37. Nf3 Qg4+ 38. Kf2 Qg3+ 39. Ke2 Qg2+ 40. Kd3 Ng3 41. Ng5+ 1-0

[Event "Late-Titled-Tuesday-Blitz-April-23-2024"]
[Site "Chess.com"]
[Date "2024.04.23"]
[Round "9"]
[White "Kostukov_Alex"]
[Black "IngOscarArdila"]
[Result "1-0"]
[WhiteElo "2362"]
[BlackElo "2263"]
[TimeControl "180+1"]
[EndTime "15:44:59 PDT"]
[Termination "Kostukov_Alex won by resignation"]

1. g3 g6 2. Bg2 Bg7 3. c4 d6 4.
Nf3 Nd7 5. O-O Ngf6 6. d4 O-O 7.
Nc3 c6 8. e4 Qc7 9. h3 e5 10. Be3 Re8 11. c5 dxc5 12. dxe5 Nxe5 13. Nxe5 Qxe5 14. f4 Qe7 15. e5 Nh5 16. g4 Nxf4 17. Bxf4 Bxe5 18. Bxe5 Qxe5 19. Ne4 f5 20. Nf2 Be6 21.
Re1 Qxb2 22. Rb1 Qc3 23. Rxb7 Rad8 24. Qc1 Qd4 25. Rd1 Qe5 26. Rxd8 Rxd8 27. Rxa7 Bd5 28. Qd2 fxg4 29. Nxg4 Qa1+ 30. Kh2 Qd4 31. Qxd4 cxd4 32. Nf6+ Kf8 33. Nxh7+ Ke8 34. Nf6+ Kf8 35. Nxd5 cxd5 36.
Ra4 Ke7 37. Rxd4 Ke6 38. Rxd5 Rb8 39. Rd2 Ke5 40. a4 Rb4 41. Ra2 Kf4 42. a5 g5 43. a6 Rb8 44. a7 Ra8 45. Bxa8 1-0

[Event "Late-Titled-Tuesday-Blitz-April-23-2024"]
[Site "Chess.com"]
[Date "2024.04.23"]
[Round "9"]
[White "Hakiki_satranc"]
[Black "Evan_Attaker"]
[Result "0-1"]
[WhiteElo "2411"]
[BlackElo "2614"]
[TimeControl "180+1"]
[EndTime "15:45:06 PDT"]
[Termination "Evan_Attaker won on time"]

1. e4 d6 2. d4 g6 3. Nc3 Nf6 4. f4 Bg7 5. Nf3 O-O 6. Bd3 Na6 7. e5 Nd7 8. Ng5 e6 9. Be3 c5 10. Bxa6 cxd4 11. Be2 dxe5 12. Bd2 dxc3 13. Bxc3 exf4 14. Bxg7 Kxg7 15. h4 h6 16. Nf3 Qb6 17. Qd4+ Qxd4 18. Nxd4 e5 19. Nb5 Nc5 20. O-O-O Be6 21. Rhe1 Rfd8 22. Nc7 Rac8 23. Nxe6+ Nxe6 24. Bf3 Rxd1+ 25. Rxd1 Rc7 26. c3 f5 27. Re1 e4 28. Bd1 Kf6 29.
Bb3 Nc5 30. Rf1 Nxb3+ 31. axb3 g5 32. hxg5+ hxg5 33. Kd2 Ke5 34. Rh1 g4 35. Rh8 Rd7+ 36.
Ke2 f3+ 37. gxf3 gxf3+ 38. Ke1 e3 39. Re8+ Kf4 40. Re7 Rxe7 0-1

[Event "Late-Titled-Tuesday-Blitz-April-23-2024"]
[Site "Chess.com"]
[Date "2024.04.23"]
[Round "9"]
[White "mjelcic"]
[Black "Slovak_fighter2000"]
[Result "0-1"]
[WhiteElo "2378"]
[BlackElo "2548"]
[TimeControl "180+1"]
[EndTime "15:45:06 PDT"]
[Termination "Slovak_fighter2000 won by checkmate"]

1. c4 e5 2. Nc3 Nc6 3. g3 f5 4.
Bg2 Nf6 5. a3 a5 6. e3 d6 7. Nge2 g6 8. d4 Bg7 9. O-O O-O 10. b3 Bd7 11. Bb2 h6 12. h4 Kh7 13.
Nd5 Ng4 14. Bh3 Ne7 15. Nec3 c6 16. Nxe7 Qxe7 17. Ne2 f4 18. exf4 exf4 19. Nxf4 Rxf4 20. gxf4 Qxh4 21. Bxg4 Bxg4 22. Qd3 Rf8 23. Qg3 Qh5 24. Rfe1 Bf3 25. Qh2 Qg4+ 26. Qg3 Rxf4 27. Re3 Qf5 28. Kf1 g5 29. Rae1 g4 30. Re7 Qh5 31. d5 Qh1+ 32. Qg1 Qh3+ 33. Qg2 Qxg2# 0-1

[Event "Late-Titled-Tuesday-Blitz-April-23-2024"]
[Site "Chess.com"]
[Date "2024.04.23"]
[Round "9"]
[White "FlemingA"]
[Black "albi1999"]
[Result "0-1"]
[WhiteElo "2457"]
[BlackElo "2659"]
[TimeControl "180+1"]
[EndTime "15:45:07 PDT"]
[Termination "albi1999 won by resignation"]

1. e4 c5 2. b4 cxb4 3. a3 b3 4. cxb3 d5 5. exd5 Nf6 6. Nc3 Nxd5 7. Bb2 Nf6 8. Nf3 e6 9. Ne5 Be7 10. Bb5+ Nbd7 11. O-O O-O 12. d4 Nb6 13. h3 Bd7 14. Bd3 Rc8 15. Qf3 Bc6 16. Nxc6 Rxc6 17. Ne4 Nbd5 18.
Rfe1 Qb6 19. b4 Rfc8 20. Rab1 Qd8 21. h4 Nxe4 22. Bxe4 Bxh4 23. g3 Bf6 24. Kg2 g6 25. Rh1 Bg7 26. Rh4 R6c7 27. Rbh1 h5 28. g4 Qg5 29. Qg3 Nf4+ 30. Kg1 Ne2+ 31. Kg2 Nxg3 0-1

[Event "Late-Titled-Tuesday-Blitz-April-23-2024"]
[Site "Chess.com"]
[Date "2024.04.23"]
[Round "9"]
[White "Kratos031"]
[Black "Fins0905"]
[Result "0-1"]
[WhiteElo "2468"]
[BlackElo "2749"]
[TimeControl "180+1"]
[EndTime "15:45:08 PDT"]
[Termination "Fins0905 won by resignation"]

1. d4 d6 2. Nf3 Nf6 3. c4 Nbd7 4. Nc3 e5 5. e4 Be7 6. Be2 O-O 7. O-O c6 8. b3 Re8 9. Bb2 Bf8 10. dxe5 dxe5 11.
Qc2 a5 12. Rad1 Qc7 13. Rd2 Nc5 14. Rfd1 Bg4 15. h3 Bxf3 16. Bxf3 Ne6 17. Ne2 a4 18. Bg4 Nc5 19. Ng3 axb3 20. axb3 Qb6 21. Nf5 Qxb3 22. Qxb3 Nxb3 23. Re2 Ra2 24. Bf3 Nc5 25. Ng3 g6 26. Bxe5 Rxe2 27. Bxf6 Rc2 28. e5 Rxc4 29. h4 Bg7 30. Ra1 Bxf6 31. exf6 Rf4 32. Rc1 Nd7 33.
Rb1 Rb8 34. Bg4 Rxg4 0-1

[Event "Late-Titled-Tuesday-Blitz-April-23-2024"]
[Site "Chess.com"]
[Date "2024.04.23"]
[Round "9"]
[White "Casablanca"]
[Black "emeli_chess"]
[Result "1-0"]
[WhiteElo "2704"]
[BlackElo "2479"]
[TimeControl "180+1"]
[EndTime "15:45:11 PDT"]
[Termination "Casablanca won on time"]

1. c4 e5 2. g3 d6 3. Bg2 f5 4. Nc3 Nf6 5. e3 Be7 6. Nge2 O-O 7. d4 c6 8. O-O Be6 9. b3 Nbd7 10. dxe5 dxe5 11.
Qc2 Nc5 12. Rd1 Qc7 13. b4 Nce4 14. a3 Ng5 15. h4 Nf7 16. c5 Rfd8 17. Bb2 Rxd1+ 18.
Rxd1 Rd8 19. Rxd8+ Qxd8 20. e4 Qd7 21. exf5 Bxf5 22.
Ne4 Nxe4 23. Bxe4 Bxe4 24. Qxe4 Qd1+ 25. Kg2 Qd5 26. Qxd5 cxd5 27. Nc3 d4 28. Nd5 Bd8 29. Kf3 Nh6 30. Ke4 Ng4 31. f3 Nf2+ 32. Kxe5 Nd3+ 33.
Kxd4 Nxb2 34. b5 Kf7 35. c6 bxc6 36. bxc6 Na4 37. c7 Bxc7 38. Nxc7 g6 39. Nb5 a6 40. Nc7 a5 41. Nb5 Nb6 42. Nd6+ Ke6 43. Nc4 Nxc4 44. Kxc4 1-0

[Event "Late-Titled-Tuesday-Blitz-April-23-2024"]
[Site "Chess.com"]
[Date "2024.04.23"]
[Round "9"]
[White "Oleg_Papayan"]
[Black "Polish_fighter3000"]
[Result "0-1"]
[WhiteElo "2644"]
[BlackElo "3081"]
[TimeControl "180+1"]
[EndTime "15:45:11 PDT"]
[Termination "Polish_fighter3000 won by resignation"]

1. e4 Nf6 2. e5 Ng8 3. Nc3 d6 4.
exd6 exd6 5. d4 Nf6 6. Nf3 Be7 7. Bd3 O-O 8. h3 Re8 9. O-O Nbd7 10. Bg5 b6 11.
Re1 Bb7 12. d5 h6 13. Bxf6 Bxf6 14. Bb5 Bxc3 15. Rxe8+ Qxe8 16. bxc3 a6 17. Bxd7 Qxd7 18.
c4 Re8 19. Nd4 Qe7 20. Qd3 Bc8 21. Rd1 Bd7 22. Rd2 Qe1+ 23. Kh2 Ba4 24. c3 g6 25. Re2 Rxe2 26. Nxe2 Qxf2 27. Nd4 Qxa2 28. Qe3 Qxc4 29.
h4 h5 30. Nf3 Qxd5 31. Qe7 Qc4 32. Ng5 Bc6 33. g3 Qd5 0-1